 Dungeon Crawl Stone Soup version 0.21.1-1-g345015fe64 (webtiles) character file.

306 Hercules1031 the Skirmisher (level 6, -4/56 HPs)
             Began as a Hill Orc Fighter on June 23, 2018.
             Slain by an ogre
             ... wielding a +0 giant club
              (9 damage)
             ... on level 4 of the Dungeon.
             The game lasted 00:07:54 (2639 turns).

Hercules1031 the Skirmisher (Hill Orc Fighter)      Turns: 2639, Time: 00:07:55

Health: -4/56      AC: 11    Str: 21    XL:     6   Next: 39%
Magic:  6/6        EV: 10    Int:  8    God:
Gold:   66         SH:  9    Dex: 10    Spells: 5/5 levels left

rFire    . . .     SeeInvis .   a - +0 war axe
rCold    + . .     Gourm    .   c - +0 shield
rNeg     . . .     Faith    .   b - +0 scale mail
rPois    .         Spirit   .   o - +0 helmet
rElec    .         Reflect  .   v - +1 cloak
rCorr    .         Harm     +   (no gloves)
MR       .....                  s - +0 pair of boots
Stlth    ..........             p - amulet of harm
HPRegen  0.18/turn              g - +3 ring of evasion
MPRegen  0.10/turn              m - ring of protection from cold

@: no status effects
A: no striking features
a: no special abilities


You were on level 4 of the Dungeon.
You were not hungry.

You visited 1 branch of the dungeon, and saw 4 of its levels.

You collected 66 gold pieces.

Inventory:

Hand Weapons
 a - a +0 war axe (weapon)
 h - a +3 short sword
 q - a +0 arbalest
 u - a +3 quarterstaff of chaos
 x - a +0 dagger of venom
Armour
 b - a +0 scale mail (worn)
 c - a +0 shield (worn)
 o - a +0 helmet (worn)
 s - a +0 pair of boots (worn)
 v - a +1 cloak (worn)
Jewellery
 g - a +3 ring of evasion (left hand)
 m - a ring of protection from cold (right hand)
 p - an amulet of harm (around neck)
Scrolls
 e - 3 scrolls of enchant weapon {unknown}
 i - a scroll of noise {unknown}
 j - 2 scrolls of magic mapping {unknown}
 k - a scroll of random uselessness {unknown}
 l - a scroll of amnesia {unknown}
 n - 3 scrolls of remove curse {unknown}
 r - a scroll of enchant armour {unknown}
 t - a scroll of fog {unknown}
 w - a scroll of teleportation {unknown}
Potions
 d - 3 potions of might
 z - a potion of agility
Comestibles
 f - 4 rations


   Skills:
 + Level 5.1 Fighting
 - Level 5.0 Axes
 + Level 4.6 Armour
 + Level 4.7 Shields


You had 5 spell levels left.
You didn't know any spells.

Dungeon Overview and Level Annotations

Branches:
Dungeon (4/15)
 Temple: D:4-7

Altars:
Cheibriados
Makhleb
Sif Muna
Zin


Message History

Okay, then.
You start resting.
You feel sick. x9
You are no longer poisoned.
You start resting.
An ogre comes into view. It is wielding a giant club.
You hit the ogre.
The ogre is lightly wounded.
You block the ogre's attack.
You hit the ogre.
The ogre is moderately wounded.
The ogre closely misses you.
You hit the ogre.
The ogre is heavily wounded.
The ogre barely misses you.
You hit the ogre but do no damage.
The ogre is heavily wounded.
The ogre hits you with a giant club!!
* * * LOW HITPOINT WARNING * * *
The ogre hits you with a giant club!
You die...

..... . ......#
.>.#.# . ......
..#####..#.#
....$.... .#
........##.##
........@O..####.
........†........
.................
............####.
########.<..#
######


You could see an ogre.

Vanquished Creatures
  A quasit (D:4)
  A hound (D:4)
  Crazy Yiuf (D:3)
  A worker ant (D:4)
  An iguana (D:4)
  Robin (D:2)
  A gnoll (D:1)
  A howler monkey skeleton (D:4)
  4 adders
  An ooze (D:2)
  3 worms (D:3)
  3 dart slugs
  3 leopard geckos
  An orc (D:3)
  A giant cockroach (D:1)
  15 goblins
  11 hobgoblins
  3 jackals (D:1)
  9 kobolds
  2 quokkas (D:2)
  6 bats
  5 frilled lizards
  7 rats
82 creatures vanquished.

Vanquished Creatures (others)
  A goblin (D:2)
1 creature vanquished.

Grand Total: 83 creatures vanquished

Notes
Turn   | Place    | Note
-------+----------+-------------------------------------------
     0 | D:1      | Hercules1031 the Hill Orc Fighter began the quest for the Orb.
     0 | D:1      | Reached XP level 1. HP: 19/19 MP: 1/1
   149 | D:1      | Reached XP level 2. HP: 22/26 MP: 2/2
   418 | D:1      | Reached XP level 3. HP: 24/31 MP: 3/3
   667 | D:1      | Reached skill level 5 in Axes
   937 | D:2      | Noticed Robin
   953 | D:2      | Reached XP level 4. HP: 28/40 MP: 4/4
   961 | D:2      | Killed Robin
  1181 | D:2      | Found a deep blue altar of Sif Muna.
  1370 | D:2      | Found a snail-covered altar of Cheibriados.
  1757 | D:3      | Reached XP level 5. HP: 46/46 MP: 5/5
  1817 | D:3      | Found a runed door.
  1821 | D:3      | Noticed Crazy Yiuf
  1826 | D:3      | Killed Crazy Yiuf
  1920 | D:3      | Found a burning altar of Makhleb.
  1925 | D:3      | Found a glowing silver altar of Zin.
  1925 | D:3      | Noticed an angel
  1926 | D:3      | Noticed a cacodemon
  2543 | D:4      | Reached XP level 6. HP: 53/55 MP: 6/6
  2555 | D:4      | Reached skill level 5 in Fighting
  2639 | D:4      | Slain by an ogre

Skill      XL: |  1  2  3  4  5  6 |
---------------+-------------------+-----
Axes           | 3 4 5 |  5.0
Fighting       | 4 5 |  5.1
Armour         | 4 |  4.6
Shields        | 4 |  4.7

Action                   |  1- 3 |  4- 6 || total
-------------------------+-------+-------++-------
Melee: War axe           |   127 |   162 ||   289
  Use: Scroll            |     3 |     1 ||     4
       Potion            |     2 |     4 ||     6
  Eat: Ration            |       |     2 ||     2
Armor: Scale mail        |    52 |    66 ||   118
Dodge: Dodged            |    62 |    65 ||   127
Block: Shield            |    84 |    96 ||   180
